 Dungeon Crawl Stone Soup version 0.16.1-11-g651b585 (webtiles) character file.

46598 ztt the Severer (level 14, -10/127 HPs)
             Began as a Minotaur Fighter on Apr 7, 2015.
             Was the Champion of Okawaru.
             Killed from afar by a shock serpent (17 damage)
             ... with an electric aura
             ... on level 3 of the Snake Pit.
             The game lasted 00:30:30 (16218 turns).

ztt the Severer (Minotaur Fighter)                 Turns: 16218, Time: 00:30:30

Health: -10/127    AC: 27    Str: 29    XL:     14   Next: 5%
Magic:  23/23      EV: 13    Int:  8    God:    Okawaru [******]
Gold:   950        SH: 15    Dex: 11    Spells: 0 memorised, 13 levels left

rFire  x . .     SeeInvis .     T - +10 broad axe of the Onslaught {venom, +Blink rF- MR+ MP+9 Int+3}
rCold  . . .     Clarity  .     B - +2 plate armour of Skoeptil {Str+4}
rNeg   . . .     SustAb   .     c - +1 shield
rPois  +         Gourm    .     Y - +1 hat of Dogma {rCorr Stlth+}
rElec  .         Spirit   .     i - +2 cloak
rCorr  +         Warding  .     X - +1 pair of gloves
rMut   +         Stasis   .     b - +1 pair of boots {Stlth+}
MR     ++...                    l - amulet of resist mutation
Stlth  ..........               O - ring of poison resistance
                                y - +2 ring of evasion

@: about to teleport, very resistant to hostile enchantments, extremely
unstealthy
A: retaliatory headbutt, horns 2
a: Heroism, Finesse, Renounce Religion, Evoke Blink


You were on level 3 of the Snake Pit.
You worshipped Okawaru.
Okawaru was exalted by your worship.
You were not hungry.

You visited 3 branches of the dungeon, and saw 19 of its levels.

You collected 950 gold pieces.

Inventory:

Hand weapons
 a - a +1 war axe
 e - a +0 battleaxe
 J - a +1 war axe of venom
 T - the +10 broad axe of the Onslaught (weapon) {venom, +Blink rF- MR+ MP+9 Int+3}
   (Okawaru gifted it to you on level 12 of the Dungeon)

   It poisons the flesh of those it strikes.
   It affects your intelligence (+3).
   It makes you vulnerable to fire.
   It affects your resistance to hostile enchantments.
   It affects your magic capacity (+9).
   It lets you blink.
Armour
 b - a +1 pair of boots of stealth (worn)
 c - a +1 shield (worn)
 i - a +2 cloak (worn)
 B - the +2 plate armour of Skoeptil (worn) {Str+4}
   (You found it on level 7 of the Dungeon)

   It affects your strength (+4).
 X - a +1 pair of gloves (worn)
 Y - the +1 hat of Dogma (worn) {rCorr Stlth+}
   (Okawaru gifted it to you on level 2 of the Snake Pit)

   It protects you from acid and corrosion.
   It makes you more stealthy.
Rods
 z - a +1 rod of ignition (10/10)
   (You took it off a naga mage on level 2 of the Snake Pit)
Jewellery
 l - an amulet of resist mutation (around neck)
 x - an uncursed ring of flight
 y - a +2 ring of evasion (left hand)
 O - a ring of poison resistance (right hand)
 Z - an uncursed ring of sustain abilities {unknown}
Magical devices
 k - a wand of draining (7)
 o - a wand of cold (8)
 A - a wand of draining (6)
 G - a wand of paralysis (8)
 H - a wand of confusion (0)
 K - a wand of paralysis (7)
 P - a wand of frost (22)
 Q - a wand of flame (35)
 R - a wand of frost (21)
Scrolls
 f - 6 scrolls of remove curse
 g - 3 scrolls of enchant armour
 n - 3 scrolls of magic mapping
 p - 2 scrolls of teleportation
 t - 3 scrolls of enchant weapon
 v - a scroll of fear {unknown}
 w - 2 scrolls of recharging
 I - 2 scrolls of fog
 S - 2 scrolls of identify
Potions
 h - a potion of flight
 j - 2 potions of restore abilities
 m - 2 potions of magic
 q - 5 potions of agility
 r - 3 potions of haste
 s - 2 potions of cancellation
 D - a potion of cure mutation
 F - 2 potions of brilliance
 M - 5 potions of curing
 V - a potion of resistance
Comestibles
 d - 8 bread rations
 u - 10 meat rations


   Skills:
 + Level 12.6 Fighting
 + Level 15.6 Axes
 + Level 12.5 Armour
 + Level 7.7 Dodging
 + Level 1.8 Stealth
 + Level 14.4 Shields
 + Level 3.9 Invocations


You had 13 spell levels left.
You didn't know any spells.

Dungeon Overview and Level Annotations

Branches:
Dungeon (13/15)            Temple (0/1) D:5            Lair (3/8) D:11
  Snake (3/5) Lair:3          Orc (0/4) D:10
  Swamp: Lair:3-6    Shoals: Lair:3-6    Vaults: D:13-14

Altars:
Ashenzari
Dithmenos
Fedhas
Makhleb
Okawaru
Qazlal
Sif Muna
Vehumet
Xom
Zin

Shops:
Snake:2 %

Portals:
Ice
Cave: Lair:3

Annotations:
D:8 1 runed door
Lair:2 exclusion: oklob plant


Innate Abilities, Weirdness & Mutations

You reflexively headbutt those who attack you in melee.
You have a pair of horns on your head.


Message History

The shock serpent bites you but does no damage.
Unknown command.
You cut the shock serpent into ribbons!!!
You kill the shock serpent!
Okawaru accepts your kill.
You closely miss the shock serpent.
The air sparks with electricity!
The lightning shocks you.
* * * LOW HITPOINT WARNING * * *
The shock serpent closely misses you. x2
You furiously retaliate!
You headbutt the shock serpent.
The shock serpent's electric aura discharges!
The lightning shocks you.
* * * LOW HITPOINT WARNING * * *
Unknown command.
Unknown command.
You carve the shock serpent like a ham!!!
You kill the shock serpent!
Okawaru accepts your kill.
The air sparks with electricity!
The lightning shocks you.
You die...

##. .## #.. ......##
... .........# ...
......N..## . ..###
##<.........#...
....####...#..........
...........##.......#
...##.......##.††...#
#.####.......###@...#
#.# #..####..#.....#
#.# ##.# ##.......#
..# #.# #..###..## ..#
#.####.## #.... ..##
#..##.># .#...
...####..#..## ..###
.....##.....# ###.##
.............##....#.


You could see a salamander.

Vanquished Creatures
  Aizul (Snake:1)
  The ghost of Trafet the Eclecticist, a powerful DEWz of Sif Muna (Snake:2)
  Snorg (Snake:3)
  3 hydras
  3 naga warriors
  7 anacondas
  Urug (D:10)
  9 naga sharpshooters
  4 shock serpents
  Erolcha (D:9)
  A naga ritualist (Snake:2)
  4 mana vipers
  An oklob plant (D:11)
  A cyclops (D:11)
  7 naga magi
  14 black mambas
  2 spiny frogs (Lair:3)
  5 komodo dragons
  2 two-headed ogres
  Prince Ribbit (D:4)
  5 slime creatures (D:12)
  7 blink frogs
  A trapdoor spider (D:9)
  A wyvern (D:9)
  6 hippogriffs
  23 yaks
  3 hungry ghosts (D:10)
  27 nagas
  An orc warrior (D:8)
  7 water moccasins
  4 ice beasts
  A phantom (D:8)
  5 centaurs (D:11)
  A sky beast (D:7)
  A black bear (Lair:3)
  4 ogres
  5 big kobolds
  10 giant frogs
  4 crocodiles
  Blork the orc (D:4)
  A water moccasin zombie (D:7)
  A gnoll sergeant (D:8)
  2 scorpions
  A troll zombie (D:10)
  6 killer bees (D:7)
  A troll skeleton (D:9)
  A goliath beetle (D:6)
  A quasit (D:8)
  3 centaur skeletons
  3 orc wizards
  6 crimson imps
  3 jellies
  6 orc priests
  4 giant frog zombies
  4 iguanas
  14 hounds
  Natasha (thrice) (D:5)
  7 worker ants
  4 sheep (D:13)
  7 ogre zombies (D:10)
  Ijyb (D:4)
  A mummy (D:5)
  6 gnolls (D:8)
  14 adders
  18 river rats (Lair:1)
  2 worker ant zombies (D:6)
  4 giant mites
  2 shadow imps
  A white imp (D:5)
  4 worms
  An adder skeleton (D:6)
  An adder zombie (D:9)
  7 giant geckos
  An ooze (D:4)
  21 orcs
  3 ball pythons
  12 bats
  A bat skeleton (D:5)
  11 goblins
  11 hobgoblins
  16 jackals
  36 kobolds
  5 quokkas
  A giant cockroach (D:4)
  2 giant newts (D:1)
  A goblin skeleton (D:10)
  5 goblin zombies (D:10)
  A hobgoblin skeleton (D:10)
  3 hobgoblin zombies (D:10)
  3 orc skeletons (D:10)
  12 orc zombies (D:10)
  13 rats
  A ballistomycete (D:10)
  5 plants
490 creatures vanquished.

Vanquished Creatures (others)
  A quokka (D:10)
  A giant spore (D:10)
  A fungus (Lair:1)
3 creatures vanquished.

Grand Total: 493 creatures vanquished

Notes
Turn   | Place    | Note
--------------------------------------------------------------
     0 | D:1      | ztt, the Minotaur Fighter, began the quest for the Orb.
     0 | D:1      | Reached XP level 1. HP: 19/19 MP: 1/1
    28 | D:1      | Reached XP level 2. HP: 25/27 MP: 1/1
    43 | D:1      | Reached skill level 4 in Armour
   422 | D:2      | Reached XP level 3. HP: 33/33 MP: 2/2
   690 | D:2      | Reached XP level 4. HP: 39/41 MP: 2/2
   848 | D:2      | Found a stormy altar of Qazlal.
  1123 | D:3      | Found an iron altar of Okawaru.
  1123 | D:3      | Found a shadowy altar of Dithmenos.
  1174 | D:3      | Became a worshipper of Warmaster Okawaru
  2117 | D:4      | Noticed Blork the orc
  2127 | D:4      | Reached XP level 5. HP: 28/47 MP: 2/2
  2132 | D:4      | Reached skill level 1 in Dodging
  2135 | D:4      | Killed Blork the orc
  2170 | D:4      | Noticed Ijyb
  2180 | D:4      | Killed Ijyb
  2185 | D:4      | Found a shattered altar of Ashenzari.
  2185 | D:4      | Noticed a big kobold
  2195 | D:4      | Killed a big kobold
  2195 | D:4      | Reached skill level 5 in Armour
  2195 | D:4      | Reached skill level 5 in Shields
  2195 | D:4      | Reached XP level 6. HP: 25/55 MP: 3/3
  2356 | D:4      | Reached skill level 5 in Fighting
  2381 | D:4      | Acquired Okawaru's first power
  2453 | D:4      | Noticed Prince Ribbit
  2464 | D:4      | Killed Prince Ribbit
  2464 | D:4      | Reached XP level 7. HP: 46/61 MP: 3/3
  2698 | D:5      | Entered Level 5 of the Dungeon
  2778 | D:5      | Found a radiant altar of Vehumet.
  3330 | D:5      | Found a staircase to the Ecumenical Temple.
  3406 | D:5      | Reached skill level 6 in Shields
  3437 | D:5      | Noticed Natasha
  3461 | D:5      | Killed Natasha
  3494 | D:5      | Noticed Natasha
  3499 | D:5      | Killed Natasha
  3730 | D:5      | Noticed Natasha
  3732 | D:5      | Killed Natasha
  3848 | D:6      | Reached skill level 5 in Axes
  4003 | D:6      | Reached XP level 8. HP: 42/70 MP: 3/3
  4457 | D:7      | Reached skill level 5 in Dodging
  4491 | D:7      | Got a faintly humming plate armour
  4502 | D:7      | Identified the +2 plate armour of Skoeptil {Str+4} (You found it on level 7 of the Dungeon)
  4548 | D:7      | Found a shimmering altar of Xom.
  4610 | D:7      | Reached skill level 7 in Armour
  4610 | D:7      | Reached skill level 1 in Stealth
  4654 | D:7      | Reached XP level 9. HP: 64/79 MP: 4/4
  5499 | D:8      | Found a runed door.
  5499 | D:8      | Found a glowing silver altar of Zin.
  5500 | D:8      | Noticed an angel
  5898 | D:8      | Reached skill level 8 in Shields
  6477 | D:9      | Found a runed door.
  6477 | D:9      | Noticed Erolcha
  6602 | D:9      | Found a deep blue altar of Sif Muna.
  6713 | D:9      | Found a burning altar of Makhleb.
  6814 | D:9      | Found a glowing silver altar of Zin.
  6882 | D:9      | Reached skill level 9 in Shields
  7040 | D:9      | Killed Erolcha
  7040 | D:9      | Acquired Okawaru's second power
  7040 | D:9      | Reached XP level 10. HP: 85/88 MP: 2/4
  7292 | D:10     | Entered Level 10 of the Dungeon
  7312 | D:10     | Noticed Urug
  7363 | D:10     | Killed Urug
  7465 | D:10     | Found a staircase to the Orcish Mines.
  7764 | D:10     | Reached skill level 10 in Axes
  7781 | D:10     | Reached skill level 10 in Shields
  8179 | D:11     | You fall through a shaft for 2 floors!
  8291 | D:12     | Received a gift from Okawaru
  8321 | D:12     | Got a faintly glowing broad axe {god gift}
  8322 | D:12     | Identified the +10 broad axe of the Onslaught {venom, +Blink rF- MR+ MP+9 Int+3} (Okawaru gifted it to you on level 12 of the Dungeon)
  8410 | D:12     | Reached XP level 11. HP: 73/95 MP: 5/5
  8426 | D:11     | Noticed a cyclops
  8433 | D:11     | Killed a cyclops
  8433 | D:11     | Reached skill level 11 in Axes
  8449 | D:11     | Found a staircase to the Lair.
  8449 | D:11     | Noticed an oklob plant
  8755 | D:11     | Killed an oklob plant
  8771 | Lair:1   | Entered Level 1 of the Lair of Beasts
  8953 | Lair:1   | Noticed a five-headed hydra
  9400 | Lair:1   | Received a gift from Okawaru
  9401 | Lair:1   | Noticed a four-headed hydra
  9640 | Lair:1   | Reached skill level 10 in Armour
  9640 | Lair:1   | Reached skill level 1 in Invocations
  9926 | Lair:1   | Noticed a six-headed hydra
 10052 | Lair:1   | Killed a nine-headed hydra
 10279 | Lair:2   | Reached skill level 12 in Axes
 10871 | Lair:2   | Noticed a six-headed hydra
 10883 | Lair:2   | Killed a 13-headed hydra
 10883 | Lair:2   | Reached skill level 10 in Fighting
 11195 | Lair:2   | Noticed a six-headed hydra
 11223 | Lair:2   | Killed a 16-headed hydra
 11223 | Lair:2   | Reached XP level 12. HP: 38/106 MP: 7/7
 11531 | Lair:2   | Found a blossoming altar of Fedhas.
 11742 | Lair:3   | Found a frozen archway.
 11766 | Lair:3   | Received a gift from Okawaru
 11993 | Lair:3   | Reached skill level 13 in Axes
 12062 | Lair:3   | Found a staircase to the Snake Pit.
 12074 | Snake:1  | Entered Level 1 of the Snake Pit
 12074 | Snake:1  | Noticed a naga warrior
 12088 | Snake:1  | Killed a naga warrior
 12526 | Snake:1  | Noticed an anaconda
 12534 | Snake:1  | Killed an anaconda
 12937 | Snake:1  | Noticed Aizul
 12964 | Snake:1  | Killed Aizul
 13639 | Snake:2  | Noticed an anaconda
 13651 | Snake:2  | Killed an anaconda
 13651 | Snake:2  | Reached skill level 14 in Axes
 13759 | Snake:2  | Noticed Trafet's ghost (powerful DEWz)
 13770 | Snake:2  | Killed Trafet's ghost
 13770 | Snake:2  | Received a gift from Okawaru
 13770 | Snake:2  | Reached XP level 13. HP: 99/116 MP: 12/12
 13773 | Snake:2  | Noticed an anaconda
 13774 | Snake:2  | Noticed an anaconda
 13775 | Snake:2  | Noticed an anaconda
 13781 | Snake:2  | Killed an anaconda
 13781 | Snake:2  | Killed an anaconda
 13787 | Snake:2  | Killed an anaconda
 14100 | Snake:2  | Noticed a naga warrior
 14121 | Snake:2  | Killed a naga warrior
 14495 | Snake:2  | Noticed an anaconda
 14502 | Snake:2  | Killed an anaconda
 15141 | Snake:2  | Found Kocawos' Food Boutique.
 15256 | Snake:2  | Noticed a naga warrior
 15280 | Snake:2  | Killed a naga warrior
 15280 | Snake:2  | Reached skill level 15 in Axes
 15391 | Snake:2  | Received a gift from Okawaru
 15392 | Snake:2  | Got a smoking hat {god gift}
 15398 | Snake:2  | Identified the +1 hat of Dogma {rCorr Stlth+} (Okawaru gifted it to you on level 2 of the Snake Pit)
 15933 | Snake:3  | Noticed Snorg
 15950 | Snake:3  | Killed Snorg
 16151 | Snake:3  | Reached XP level 14. HP: 113/127 MP: 14/14
 16218 | Snake:3  | Killed from afar by a shock serpent

Action                   |  1- 3 |  4- 6 |  7- 9 | 10-12 | 13-15 || total
-------------------------+-------+-------+-------+-------+-------++-------
Melee: War axe           |    66 |   151 |   310 |   200 |       ||   727
       Broad axe         |       |       |       |   410 |   212 ||   622
Invok: Heroism           |       |       |     1 |     5 |       ||     6
       Finesse           |       |       |       |     2 |     1 ||     3
  Use: Potion            |       |     1 |     1 |     4 |     3 ||     9
       Scroll            |       |       |    17 |    10 |     1 ||    28
  Eat: Chunk             |       |     5 |     3 |       |     2 ||    10
       Pizza             |       |       |     4 |     1 |       ||     5
       Fruit             |       |       |     4 |     2 |       ||     6
       Beef jerky        |       |       |     2 |     3 |       ||     5
       Royal jelly       |       |       |       |     5 |       ||     5
       Bread ration      |       |       |       |     2 |     1 ||     3
